 Dungeon Crawl Stone Soup version 0.29.0-4-gdea44cf6ec (webtiles) character file.

Game seed: 4038319217795035836

51 qw the Chopper (level 3, -1/21 HPs)
             Began as a Tengu Warper on Aug 28, 2022.
             Slain by Sigmund
             ... wielding a +0 scythe
              (6 damage)
             ... on level 2 of the Dungeon.
             The game lasted 00:00:10 (1322 turns).

qw the Chopper (Tengu Warper)                       Turns: 1322, Time: 00:00:11

Health: -1/21      AC: 10    Str: 13    XL:     3   Next: 83%
Magic:  7/7        EV:  9    Int: 13    God:
Gold:   77         SH:  0    Dex: 13    Spells: 6/6 levels left

rFire   . . .      SeeInvis .   Y - +2 hand axe
rCold   + . .      Faith    .   (no shield)
rNeg    . . .      Spirit   .   j - +0 scale mail
rPois   .          Reflect  .   (helmet restricted)
rElec   .          Harm     .   (no cloak)
rCorr   .          Rampage  .   (no gloves)
Will    .....                   (boots unavailable)
Stlth   ..........              (no amulet)
HPRegen 0.07/turn               f - +4 ring of protection
MPRegen 0.10/turn               i - ring of protection from cold

@: no status effects
A: beak, talons 3
a: no special abilities


You were on level 2 of the Dungeon.
You visited 1 branch of the dungeon, and saw 2 of its levels.

You collected 77 gold pieces.


Innate Abilities, Weirdness & Mutations

You have a beak for a mouth.
You have claws for feet.


   Skills:
 - Level 2.0 Fighting
 + Level 4.4 Axes
 - Level 1.0 Throwing
 - Level 1.1 Armour
 - Level 2.1 Dodging
 - Level 2.0 Spellcasting
 - Level 2.4 Translocations


You had 6 spell levels left.
You didn't know any spells.
Your spell library contained the following spells:

 Spells                   Type           Power      Damage    Failure   Level
 Blink                    Tloc           14%        N/A       56%         2
 Gell's Gravitas          Tloc           7%         N/A       80%         3
 Lesser Beckoning         Tloc           7%         N/A       80%         3
 Teleport Other           Tloc           7%         N/A       80%         3
 Manifold Assault         Tloc           7%         N/A       100%        5

Inventory:

Hand Weapons
 d - a +0 club
 Y - a +2 hand axe (weapon)
Armour
 a - a +0 cloak
 j - a +0 scale mail (worn)
Jewellery
 c - a +6 ring of strength
 f - a +4 ring of protection (left hand)
 i - a ring of protection from cold (right hand)
Scrolls
 e - a scroll of identify
 g - a scroll of vulnerability {unknown}
Potions
 b - a potion of curing {unknown}
 l - a potion of haste {unknown}

Dungeon Overview and Level Annotations

Branches:
Dungeon (2/15)

Altars:

Annotations:
D:2 Sigmund


Message History

The giant cockroach bites you but does no damage. x2
You closely miss the giant cockroach. You claw the giant cockroach.
The giant cockroach is almost dead.
The giant cockroach bites you but does no damage.
You slash the giant cockroach!
You kill the giant cockroach!
A bat and a hobgoblin come into view.
The hobgoblin shouts!
You hit the bat.
You kill the bat!
You closely miss the hobgoblin. You claw the hobgoblin.
You kill the hobgoblin!
You see here a bat corpse.
You now have 77 gold pieces (gained 10).
g - a scroll labelled UTIMON UTENE
Enter note: Sigmund the Dreaded comes into view.
He is wielding a +0 scythe.
Found a scroll labelled RYABBIGRUSCH.
Found a robe and a short sword.
Sigmund hits you with a +0 scythe.
You hit Sigmund.
Sigmund is lightly wounded.
Sigmund hits you but does no damage.
You hit Sigmund. You claw Sigmund! You peck Sigmund, but do no damage.
Sigmund is moderately wounded.
You hit Sigmund but do no damage.
Sigmund is moderately wounded.
Sigmund gestures at you while chanting. The magic dart hits you!
You closely miss Sigmund. Your kick misses Sigmund. Your peck misses Sigmund.
Sigmund is moderately wounded.
Sigmund hits you but does no damage.
You closely miss Sigmund.
Sigmund is moderately wounded.
Sigmund casts a spell at you. The magic dart hits you.
You closely miss Sigmund. You claw Sigmund.
Sigmund is moderately wounded.
Sigmund hits you with a +0 scythe.
You die...

##<........#
........................
.).....[...........(...#
.......................#
........?..............#
.......................#
#...................#..
#.....@................
#....@.............##.
##......$..............
##......................
#.......................
#.......................
#..?...................#
........................
.#....##................
....#####............###


You could see Sigmund.

Vanquished Creatures
  4 dart slugs (D:1)
  5 ball pythons (D:1)
  3 endoplasms
  4 giant cockroaches
  5 goblins
  4 hobgoblins
  2 kobolds (D:1)
  2 quokkas (D:1)
  6 bats
  2 frilled lizards
  3 rats
40 creatures vanquished.

Notes
Turn   | Place    | Note
-------+----------+-------------------------------------------
     0 | D:1      | qw the Tengu Warper began the quest for the Orb.
     0 | D:1      | Reached XP level 1. HP: 12/12 MP: 4/4
     0 | D:1      | 0 ||| qw: Version: 0.1-a-89-g26bdef1
     0 | D:1      | 0 ||| qw: Game counter: 2307
     0 | D:1      | 0 ||| qw: Always use a shield: true
     0 | D:1      | 0 ||| qw: God list: Okawaru
     0 | D:1      | 0 ||| qw: Allow faded altars: false
     0 | D:1      | 0 ||| qw: Do Orc after D:15 true
     0 | D:1      | 0 ||| qw: Do second Lair branch before Depths: true
     0 | D:1      | 0 ||| qw: Lair rune preference: random
     0 | D:1      | 0 ||| qw: Plans: Normal
     0 | D:1      | 0 ||| PLANNING D:1-11
    65 | D:1      | 65 ||| Stepping ~*~*~tactically~*~*~ (hiding).
    72 | D:1      | Reached skill level 3 in Axes
    72 | D:1      | Reached XP level 2. HP: 17/17 MP: 6/6
   104 | D:1      | 104 ||| Stepping ~*~*~tactically~*~*~ (stealth).
   105 | D:1      | 105 ||| Stepping ~*~*~tactically~*~*~ (stealth).
   107 | D:1      | 107 ||| Stepping ~*~*~tactically~*~*~ (stealth).
   109 | D:1      | 109 ||| Stepping ~*~*~tactically~*~*~ (hiding).
   125 | D:1      | 125 ||| Stepping ~*~*~tactically~*~*~ (stealth).
   127 | D:1      | 127 ||| Stepping ~*~*~tactically~*~*~ (stealth).
   393 | D:1      | Reached XP level 3. HP: 10/21 MP: 7/7
   566 | D:1      | Reached skill level 4 in Axes
  1012 | D:1      | 1012 ||| UPGRADING to +0 ring mail.
  1022 | D:1      | 1022 ||| DROPPING +0 leather armour.
  1023 | D:1      | 1023 ||| UPGRADING to +0 scale mail.
  1033 | D:1      | 1033 ||| DROPPING +0 ring mail.
  1034 | D:1      | 1034 ||| UPGRADING to +4 ring of protection.
  1035 | D:1      | 1035 ||| UPGRADING to ring of protection from cold.
  1036 | D:1      | 1036 ||| READING scroll labelled USUUZEVUKO.
  1037 | D:1      | 1037 ||| READING scroll labelled RARGHU AWKU XUO.
  1040 | D:1      | 1040 ||| READING 2 scrolls labelled SEACAS BOPLAXT.
  1041 | D:1      | 1041 ||| READING scroll of enchant weapon.
  1041 | D:1      | 1041 ||| ENCHANTING +1 hand axe.
  1042 | D:1      | 1042 ||| DROPPING scroll of blinking.
  1063 | D:2      | 1063 ||| STAIRDANCE
  1313 | D:2      | Noticed Sigmund
  1321 | D:2      | HP: 4/21 [Sigmund/magic dart (6)]
  1322 | D:2      | Slain by Sigmund

Levels and vault maps discovered:
D:1:      lightli_iron_boxes, layout_basic
D:2:      layout_rooms, uniq_sigmund

Skill      XL: |  1  2  3 |
---------------+----------+-----
Axes           | 3 4 |  4.4
Fighting       | |  2.0
Throwing       | |  1.0
Armour         | |  1.1
Dodging        | |  2.1
Spellcasting   | |  2.0
Translocations | |  2.4

Action                   || total
-------------------------++-------
Melee: Hand axe          ||    81
       Kick              ||    22
       Peck              ||    10
Throw: Boomerang         ||     7
  Use: Scroll            ||     4
Armor: Leather armour    ||    11
       Scale mail        ||    12
Dodge: Dodged            ||    39

Table legend:
 A = Non-vault XP
 B = Vault XP
 C = Vault XP percentage of total XP
 D = Non-vault monster count
 E = Vault monster count
 F = Vault count percentage of total count
                 A         B        C        D         E       F
            +---------+---------+-------+---------+---------+-------
      Total |      74 |       0 |   0.0 |      40 |       0 |   0.0
            +---------+---------+-------+---------+---------+-------
        D:1 |      58 |       0 |   0.0 |      30 |       0 |   0.0
        D:2 |      16 |       0 |   0.0 |      10 |       0 |   0.0
            +---------+---------+-------+---------+---------+-------
